 Dungeon Crawl Stone Soup version 0.25-a0-108-gda8bd6c (webtiles) character file.

Game seed: 2445265115375766098, levelgen mode: deterministic

242 BoppinsLewinski the Slasher (level 6, -2/48 HPs)
             Began as a Human Monk on Nov 18, 2019.
             Slain by a jackal (3 damage)
             ... on level 3 of the Dungeon.
             The game lasted 00:04:46 (2456 turns).

BoppinsLewinski the Slasher (Human Monk)            Turns: 2456, Time: 00:04:47

Health: -2/48      AC:  7    Str: 14    XL:     6   Next: 30%
Magic:  6/6        EV: 11    Int: 10    God:
Gold:   104        SH:  0    Dex: 15    Spells: 5/5 levels left

rFire    . . .     SeeInvis .   a - +0 falchion
rCold    . . .     Gourm    .   (no shield)
rNeg     . . .     Faith    .   o - +0 scale mail
rPois    .         Spirit   .   g - +0 helmet
rElec    .         Reflect  .   (no cloak)
rCorr    .         Harm     .   (no gloves)
MR       .....                  (no boots)
Stlth    +.........             (no amulet)
HPRegen  0.16/turn              (no ring)
MPRegen  0.10/turn              (no ring)

@: flying
A: no striking features
a: no special abilities


You were on level 3 of the Dungeon.
You were not hungry.

You visited 1 branch of the dungeon, and saw 4 of its levels.

You collected 104 gold pieces.

Inventory:

Hand Weapons
 a - a +0 falchion (weapon)
Armour
 d - a +0 plate armour
 g - a +0 helmet (worn)
 k - a +0 chain mail
 o - a +0 scale mail (worn)
Scrolls
 b - 2 scrolls of identify {unknown}
 e - 2 scrolls of teleportation {unknown}
 h - a scroll of enchant armour {unknown}
 i - 2 scrolls of remove curse {unknown}
 j - a scroll of fear {unknown}
 l - a scroll of magic mapping {unknown}
Comestibles
 c - 9 rations


   Skills:
 + Level 3.9 Fighting
 * Level 4.7 Long Blades
 + Level 2.3 Armour
 + Level 3.9 Dodging
 - Level 2.0 Stealth


You had 5 spell levels left.
You didn't know any spells.
Your spell library was empty.

Dungeon Overview and Level Annotations

Branches:
Dungeon (4/15)
 Temple: D:4-7

Altars:
Nemelex Xobeh
Qazlal
Vehumet


Message History

* * * LOW HITPOINT WARNIN'
* * * Thin's tha be 'ere: a +0 club; 5 gold pieces; a dart slug corpse Unknown command.
Tha gnoll misses ye.
Ye riposte.
Ye slash tha gnoll!
Tha gnoll be severely wounded.
Unknown command.
Ye hit tha gnoll.
Ye kill tha gnoll!
Tha gnoll hits ye from afar wit' a +0 spear.
* * * LOW HITPOINT WARNIN'
* * * Unknown command.
Ye ar'n't carryin' any items tha ye can evoke.
Tha gnoll hits ye from afar wit' a +0 spear.
* * * LOW HITPOINT WARNIN'
* * * An orc comes inta view.
It be wieldin' a +0 hand axe.
A jackal comes inta view.
Tha jackal barks!
Tha orc shouts!
Ye hear a bark!
Tha jackal bites ye.
Ye die...

.....g...# ###
#..##)..##....
#g....†....### #.# #.#
#..#.##.## #.# #.#
#h...#...# #.#
#.###..####.#### ##.#
#..[))##..#'#..## ...#
#####.#._.)h'.).#..##.#
#
#.##.##@##.##.###.######
#..###.#.###............
##...g.#o....##.########
#.##.###.#####.#
#.....o........#
###...#...######
#########


You could see a gnoll, an orc and a jackal.

Vanquished Creatures
  Edmund (D:4)
  Robin (D:2)
  An adder (D:3)
  2 gnolls (D:3)
  3 oozes
  3 dart slugs
  2 leopard geckos
  2 orcs (D:3)
  A ball python (D:1)
  3 giant cockroaches
  11 goblins
  6 hobgoblins
  2 jackals (D:3)
  5 kobolds
  A quokka (D:2)
  12 bats
  4 frilled lizards
  6 rats
66 creatures vanquished.

Notes
Turn   | Place    | Note
-------+----------+-------------------------------------------
     0 | D:1      | BoppinsLewinski the Human Monk began the quest for the Orb.
     0 | D:1      | Reached XP level 1. HP: 18/18 MP: 1/1
   115 | D:1      | Reached XP level 2. HP: 22/24 MP: 2/2
   558 | D:1      | Reached XP level 3. HP: 29/29 MP: 3/3
   851 | D:2      | Found a stormy altar of Qazlal.
  1036 | D:2      | Reached skill level 1 in Armour
  1236 | D:2      | You fall into a shaft and drop 2 floors!
  1301 | D:4      | Found a radiant altar of Vehumet.
  1314 | D:4      | Noticed Edmund
  1326 | D:4      | Killed Edmund
  1326 | D:4      | Reached skill level 4 in Long Blades
  1326 | D:4      | Reached XP level 4. HP: 37/37 MP: 4/4
  1326 | D:4      | Reached XP level 5. HP: 42/42 MP: 5/5
  1656 | D:2      | Noticed Robin
  1681 | D:2      | Killed Robin
  1685 | D:2      | Reached XP level 6. HP: 17/48 MP: 6/6
  2355 | D:3      | Found a sparkling altar of Nemelex Xobeh.
  2452 | D:3      | HP: 1/48 [gnoll/+0 spear (4)]
  2456 | D:3      | Slain by a jackal

Levels and vault maps discovered:
D:1:      giann_wishing_wells, layout_basic, kennysheep_flooded_box,
          hangedman_decor_clover_reticule, hangedman_abyss_or_decor_lesser_grid,
          kennysheep_doodads, minmay_pentomino_u2
D:2:      layout_basic, marbit_many_paths, first_ration, serial_forest,
          infiniplex_forest_3_way, infiniplex_forest_clump_large,
          infiniplex_forest_clump_medium, infiniplex_forest_lined_4_way,
          infiniplex_forest_clump_cross, infiniplex_forest_end_1, uniq_robin
D:3:      layout_loops_ring, fedhas_altar_4, nemelex_dance_club_becter
D:4:      layout_basic, lemuel_crystal_altar, uniq_edmund, uniq_ijyb

Skill      XL: |  1  2  3  4  5 |
---------------+----------------+-----
Armour         | 1 2 |  2.3
Long Blades    | 4 |  4.7
Fighting       | |  3.9
Dodging        | |  3.9
Stealth        | |  2.0

Action                   |  1- 3 |  4- 6 || total
-------------------------+-------+-------++-------
Melee: Falchion          |    80 |    96 ||   176
       Unarmed           |       |     9 ||     9
  Use: Potion            |     2 |     3 ||     5
 Stab: Sleeping          |     4 |     4 ||     8
       Invisible         |     3 |       ||     3
  Eat: Chunk             |       |     5 ||     5
Armor: Robe              |    16 |       ||    16
       Leather armour    |    12 |    18 ||    30
       Skin              |       |    18 ||    18
       Scale mail        |       |    10 ||    10
Dodge: Dodged            |    63 |    79 ||   142
       Rpst.: Falchion   |    20 |    23 ||    43

Table legend:
 A = Non-vault XP
 B = Vault XP
 C = Vault XP percentage of total XP
 D = Non-vault monster count
 E = Vault monster count
 F = Vault count percentage of total count
                 A         B        C        D         E       F
            +---------+---------+-------+---------+---------+-------
      Total |     134 |     212 |  61.3 |      49 |      17 |  25.8
            +---------+---------+-------+---------+---------+-------
        D:1 |      29 |       3 |   9.4 |      15 |       2 |  11.8
        D:2 |      39 |      38 |  49.4 |      17 |      12 |  41.4
        D:3 |      63 |       9 |  12.5 |      15 |       2 |  11.8
        D:4 |       3 |     162 |  98.2 |       2 |       1 |  33.3
            +---------+---------+-------+---------+---------+-------
